Unix NetHack Version 3.7.0-102 Work-in-progress - last build Apr 6 2024 13:22:21 (d302a6a9ff6341f1a922d8f5af178406b35fdf99,branch:master). Game began 2024-05-02 10:09:37, ended 2024-05-02 19:08:22. fstd, neutral male human Wizard ---------- ------- |........| |@&..^-######## # |........| |&@g..| # ## # |........| |.&...| # #-------------- # |........| |......# # ###..............####################.........| -------# # ########|............| ## # -.---.-.-- ## # .########.............| # ## # # # #### # ##### -.------------ # # # ######### ## # ## # ## #############%#### # # ## # # ######################%## #### --------------### -.---.- |.......<....|###%### ......"| |.............# # |.......| |............| # |.......| -------------- ########-.).....| --------- Fstd the Enchanter St:15 Dx:17 Co:18 In:22 Wi:21 Ch:13 Neutral S:166786 Home 5 $:0 HP:0(106) Pw:76(138) AC:-3 Xp:14 T:26010 Burdened Latest messages: You hit it. You are splashed! "So, you are the best hope of Neferet the Green? How droll." In what direction? l The magic missile rips into the ochre jelly! "So, you are the best hope of Neferet the Green? How droll." In what direction? l The magic missile rips into the ochre jelly! You kill the ochre jelly! There is a staircase up to level 5 here. You see here a tengu corpse. The xan scratches your left boot! The invisible Dark One vanishes and reappears next to you. The invisible Dark One hits! The invisible Dark One hits again! The invisible Dark One hits! The invisible Dark One casts a spell! Monsters appear from nowhere! Pick an object. What do you want to use or apply? [lnouvxCMT or ?*] x In what direction? y Status of the Dark One (chaotic, medium): Level 16 HP 64(75) AC 0, fast, invisible. Pick an object. The horned devil wields a trident! The horned devil misses! The horned devil bites! The horned devil stings! The gremlin hits! The gremlin hits again! The gremlin bites! The gremlin hits! The invisible Dark One appears next to you! The barbed devil hits! The barbed devil hits! The barbed devil stings! The horned devil wields a trident! The trident welds itself to the horned devil's foreclaw! The horned devil misses! The horned devil bites! The horned devil stings! The gremlin misses! The gremlin hits! The gremlin bites! The gremlin hits! The invisible Dark One vanishes and reappears next to you. The invisible Dark One hits! The invisible Dark One hits again! You die... Do you want your possessions identified? [ynq] (y) y Do you want to see your attributes? [ynq] (y) q Inventory: Amulets ('"') N - an uncursed amulet of reflection (being worn) Weapons (')') a - the blessed rustproof +5 Magicbane (weapon in right hand) Armor ('[') d - a blessed +4 helm of brilliance (being worn) Q - an uncursed +0 pair of leather gloves (being worn) i - an uncursed burnt +0 pair of elven boots (being worn) b - an uncursed burnt +0 cloak of magic resistance (being worn) p - an uncursed +2 studded leather armor (being worn) Comestibles ('%') E - an uncursed lizard corpse Potions ('!') Y - a potion of holy water Rings ('=') R - an uncursed ring of free action (on right hand) j - an uncursed +2 ring of gain strength W - an uncursed ring of regeneration (on left hand) Tools ('(') u - a blessed bag of holding containing 68 items C - an empty uncursed oilskin sack named cancel l - a blessed magic lamp M - an uncursed +0 pick-axe named dis (alternate weapon; not wielded) o - an uncursed skeleton key named dis x - an uncursed stethoscope named dis T - an uncursed tinning kit (0:43) n - an uncursed towel named dis v - a blessed +0 unicorn horn named dis Gems/Stones ('*') f - a blessed luckstone Contents of the bag of holding: 9752 gold pieces 6 uncursed +0 arrows 10 uncursed +0 crossbow bolts 4 cursed -1 elven arrows 11 uncursed +0 darts 2 uncursed +0 elven daggers a cursed -1 elven dagger 4 uncursed food rations an uncursed fortune cookie an uncursed sprig of wolfsbane 4 uncursed tripe rations an uncursed tin of giant bat meat an uncursed tin of raven meat an uncursed lizard corpse an uncursed scroll of amnesia a blessed scroll of blank paper 4 uncursed scrolls of blank paper 4 cursed scrolls of blank paper a blessed scroll of charging an uncursed scroll of confuse monster 2 uncursed scrolls of destroy armor 2 uncursed scrolls of earth a blessed scroll of enchant armor a blessed scroll of fire an uncursed scroll of genocide a blessed scroll of identify an uncursed scroll of identify 3 uncursed scrolls of light an uncursed scroll of punishment a blessed scroll of remove curse an uncursed scroll of remove curse 2 blessed scrolls of scare monster an uncursed scroll of taming a blessed scroll of teleportation 4 uncursed scrolls of teleportation 3 cursed scrolls of teleportation an uncursed spellbook of create monster an uncursed potion of enlightenment an uncursed potion of extra healing an uncursed potion of fruit juice an uncursed potion of levitation an uncursed potion of monster detection an uncursed potion of sleeping a cursed potion of sleeping 2 potions of holy water a potion of unholy water an uncursed ring of invisibility an uncursed ring of sustain ability an uncursed ring of teleport control an uncursed wand of cold (0:4) an uncursed wand of create monster (0:12) an uncursed wand of digging (0:6) a cursed wand of enlightenment (0:8) an uncursed wand of locking (0:5) an uncursed wand of magic missile (0:3) an uncursed wand of secret door detection (0:15) an uncursed wand of sleep (0:7) an uncursed wand of speed monster (0:1) an uncursed wand of striking (0:5) an uncursed blindfold an uncursed magic marker (0:88) an uncursed magic marker (0:82) an uncursed magic marker (0:45) an uncursed magic marker (0:11) 4 uncursed tallow candles an uncursed tin whistle 2 uncursed amethyst stones an uncursed worthless piece of violet glass Fstd the Wizard's attributes: Background: You were an Enchanter, a level 14 male human Wizard. You were neutral, on a mission for Thoth who was opposed by Ptah (lawful) and Anhur (chaotic). You were right-handed. You were in the Quest, on level 5. You entered the dungeon 26010 turns ago. You had 86049 experience points, 73951 more were needed to attain level 15. Your score was 166786 before end-of-game adjustments. Basics: You had 0 out of 106 hit points. You had 76 out of 138 energy points (spell power). Your armor class was -3. Your wallet was empty, but you had 9752 zorkmids stashed away in your pack. Autopickup was on for '$"?!=+/(*' plus thrown, with exceptions. Final Characteristics: Your strength was 15 (limit:18/100). Your dexterity was 17 (base:18, limit:18). Your constitution was 18 (limit:18). Your intelligence was 22 (base:18, innate limit:18). Your wisdom was 21 (base:17, innate limit:18). Your charisma was 13 (limit:18). Final Status: You had a wounded right leg. You weren't hungry. You were burdened; movement was slightly slowed. You were wielding a dagger. You had expert skill with dagger. Final Attributes: You were piously aligned. You were magic-protected. You were fire resistant. You were cold resistant. You were sleep resistant. You were shock resistant. You were poison resistant. You saw invisible. You were telepathic. You were stealthy. You regenerated. You had a small defense bonus (+2). You were warded. You were fast. You had reflection. You had free action. You were extremely lucky. You had extra luck. Good luck did not time out for you. You are dead. Miscellaneous: You disabled loading of bones levels. Total elapsed playing time was 8 hours, 9 minutes and 3 seconds. Major events: Turn 1: fstd the neutral male human Wizard entered the dungeon 837: attained the rank of Conjurer (level 3) 1040: entered the Gnomish Mines 1899: attained the rank of Thaumaturge (level 6) 2255: reached Mine Town 6800: was bestowed with Magicbane by Thoth 8231: chose a runed dagger to be named "Sting" 8515: entered Sokoban 8860: completed 1st Sokoban level 9831: completed 2nd Sokoban level 9842: attained the rank of Magician (level 10) 10188: completed 3rd Sokoban level 11798: completed 4th Sokoban level 13196: acquired the Sokoban amulet of reflection 14934: acquired the Mines' End luckstone 15745: was bestowed with Dragonbane by Thoth 22427: performed his first genocide (class L) 22429: genocided master mind flayers 22432: genocided class R 24365: attained the rank of Enchanter (level 14) 26010: killed by the invisible Dark One Vanquished creatures: a Nazgul a titanothere a clay golem 3 nurses 2 frost giants a vampire a lieutenant a ghost a mind flayer 6 giant mimics 2 long worms 5 fire giants an ice troll 2 rock trolls an umber hulk 4 flesh golems a doppelganger 4 large mimics 2 wumpuses 2 couatls 3 stalkers an air elemental a black naga 6 xorns 5 giant zombies a sergeant 2 wargs 3 winter wolves 16 small mimics a glass piercer 3 xans an ettin mummy an ogre leader 4 quantum mechanics 7 trolls 2 gelatinous cubes a pyrolisk a large dog a freezing sphere 4 flaming spheres 3 shocking spheres 3 gargoyles 3 dwarf rulers 17 tengu 6 ochre jellies a leocrotta 2 energy vortices 3 mountain centaurs 4 stone giants 2 elf mummies a human mummy a red naga a python 2 pit vipers a cobra 8 wraiths 4 ettin zombies a leather golem 6 Grey-elves an amorous demon 4 chameleons 13 giant beetles a quivering blob 5 cockatrices 16 wolves a winter wolf cub a lynx a panther 4 gremlins a spotted jelly 4 leprechauns an orc-captain an iron piercer a mumak 6 giant spiders 2 scorpions a horse an ice vortex 2 black lights 44 vampire bats 4 forest centaurs 9 gnome rulers an orc mummy 5 dwarf mummies 8 ogres 2 brown puddings 2 rust monsters 3 owlbears 2 yetis 3 gold golems 10 Green-elves 6 lizards 3 dingoes 2 dogs 3 jaguars 5 dwarf leaders 2 white unicorns 5 dust vortices 13 ravens 6 plains centaurs 3 gnome mummies 7 snakes 11 human zombies 3 rope golems 4 Woodland-elves 6 soldier ants 4 fire ants 11 bugbears 3 imps 9 quasits a wood nymph a water nymph 4 mountain nymphs 21 Mordor orcs 23 Uruk-hai 5 orc shamans 5 rock piercers 2 rock moles 3 ponies 4 fog clouds 5 yellow lights a shrieker 3 violet fungi 19 gnome leaders 10 gnomish wizards 4 gray oozes 5 elf zombies a ghoul 4 straw golems a paper golem 9 giant ants a little dog 6 floating eyes 16 dwarves 7 homunculi a kobold shaman 25 hill orcs 9 rothes a rabid rat a centipede 14 giant bats 2 monkeys 13 orc zombies 11 dwarf zombies 3 wererats 5 iguanas 15 killer bees 5 coyotes 2 gas spores 7 hobbits 23 manes 3 large kobolds 19 hobgoblins 4 giant rats 8 cave spiders 2 brown molds 3 yellow molds a green mold 4 red molds 56 gnomes 3 gnome zombies 11 geckos 15 jackals 3 foxes 2 kobolds 5 goblins 9 grid bugs 12 bats 4 lichens 5 kobold zombies 13 newts 921 creatures vanquished. Genocided species: arch-liches master liches demiliches master mind flayers disenchanters liches rust monsters 7 species genocided. Voluntary challenges: You read items or engraved 49 times. You never engraved Elbereth. You genocided 7 types of monsters. You never polymorphed an object. You never changed form. You used no wishes. You did not violate any of the special Sokoban rules. Achievements: You entered a shop. You attained the rank of Conjurer. You entered the Gnomish Mines. You attained the rank of Thaumaturge. You entered Minetown. You entered a temple. You entered Sokoban. You attained the rank of Magician. You completed Sokoban. You completed the Gnomish Mines. You attained the rank of Enchanter. The Dungeons of Doom: levels 1 to 19 Level 1: A fountain, a grave. Level 2: A fountain. Level 3: An altar, a fountain, a sink. Stairs down to The Gnomish Mines. Level 4: Level 5: "stash" An altar to Thoth, many fountains. Level 6: Some fountains. Level 7: Level 8: Many fountains. Level 9: Stairs up to Sokoban, level 8. Level 10: Level 11: Level 12: Level 13: Level 14: Level 15: A primitive area. Summoned by Neferet the Green. Portal to The Quest. Level 16: Level 17: Level 18: A fountain. Level 19: The Gnomish Mines: levels 4 to 11 Level 4: Level 5: Level 6: Level 7: A temple and an altar to Thoth, some fountains. Level 8: Level 9: Level 10: Level 11: The Quest: levels 1 to 6 Level 1: A throne. Given quest by Neferet the Green. Level 2: Level 3: Level 4: Level 5: <- You were here. Final resting place for you, killed by the invisible Dark One. Level 6: A temple and an altar. Sokoban: levels 8 up to 5 Level 5: Solved. Level 6: Solved. Level 7: Solved. Level 8: Solved. Game over: ---------- / \ / REST \ / IN \ / PEACE \ / \ | fstd | | 9752 Au | | killed by the | | invisible Dark | | One | | | | 2024 | *| * * * | * _________)/\\_//(\/(/\)/\//\/|_)_______ Goodbye fstd the Wizard... You died in The Quest on dungeon level 5 with 165811 points, and 9752 pieces of gold, after 26010 moves. You were level 14 with a maximum of 106 hit points when you died.